 Dungeon Crawl Stone Soup version 0.31-a0-216-g22e908daa7 (webtiles) character file.

Game seed: 15572542232043639442

865 qw the Chopper (level 8, -2/49 HPs)
             Began as a Gargoyle Fighter on July 1, 2023.
             Was an Initiate of Okawaru.
             Killed from afar by a steam dragon (18 damage)
             ... with a ball of steam
             ... on level 6 of the Dungeon.
             The game lasted 00:02:34 (4396 turns).

qw the Chopper (Gargoyle Fighter)                   Turns: 4396, Time: 00:02:35

Health: -2/49      AC: 18    Str: 22    XL:     8   Next: 3%
Magic:  8/8        EV: 13    Int:  9    God:    Okawaru [......]
Gold:   136        SH:  4    Dex:  9    Spells: 7/7 levels left

rFire   . . .        Y - +0 war axe
rCold   . . .        c - +0 buckler
rNeg    + . .        f - +0 chain mail
rPois   inf          (no helmet)
rElec   +            (no cloak)
rCorr   .            (no gloves)
SInv    .            (no boots)
Will    .....        (no amulet) Stlth
                     j - +5 ring of evasion
HPRegen 0.28/turn    p - +4 ring of protection
MPRegen 0.11/turn

%: no passive effects
@: no status effects
A: sickness immunity, AC +5, negative energy resistance 1, electricity
resistance, torment resistance 1, petrification resistance
a: Renounce Religion


You were on level 6 of the Dungeon.
You worshipped Okawaru.
Okawaru was noncommittal.
You visited 2 branches of the dungeon, and saw 7 of its levels.

You collected 335 gold pieces.
You spent 199 gold pieces at shops.


Innate Abilities, Weirdness & Mutations

You are immune to sickness and miasma.
Your stone body is resilient. (AC +5)
You are immune to poison.
You resist negative energy. (rN+)
You are resistant to electric shocks. (rElec)
You are resistant to unholy torment.
You are immune to petrification.


   Skills:
 - Level 5.1 Fighting
 + Level 7.4 Axes
 - Level 3.2 Armour
 - Level 1.0 Dodging
 - Level 3.2 Shields


You had 7 spell levels left.
You didn't know any spells.
Your spell library was empty.

Inventory:

Hand Weapons
 h - a +0 flail
 Y - a +0 war axe (weapon)
Armour
 c - a +0 buckler (worn)
 f - a +0 chain mail (worn)
 k - a +0 pair of boots
 l - the +0 helmet of Amorality {Str+2}
   (You bought it in a shop on level 4 of the Dungeon)

   Str:       It affects your strength (+2).
Jewellery
 b - the ring of Mour {rF+++ rC- Str-3 Int+6 SInv}
   (You found it on level 4 of the Dungeon)

   [ring of see invisible]

   Str:       It affects your strength (-3).
   Int:       It affects your intelligence (+6).
   rF:        It renders you almost immune to fire.
   rC:        It makes you vulnerable to cold.
   SInv:      It lets you see invisible.
 g - an amulet of faith
 j - a +5 ring of evasion (left hand)
 p - a +4 ring of protection (right hand)
Scrolls
 a - a scroll of identify
Potions
 d - a potion of might
 i - a potion of heal wounds
 m - a potion of magic

Dungeon Overview and Level Annotations

Branches:
Dungeon (6/15)             Temple (1/1) D:5

Altars:
Ashenzari
Cheibriados
Dithmenos
Fedhas
Gozag
Hepliaklqana
Makhleb
Nemelex Xobeh
Okawaru
Qazlal
Ru
Sif Muna
Uskayaw
Vehumet
Wu Jian
Xom
Zin
The Shining One

Shops:
D:4 [


Message History

The steam dragon hisses angrily.
The steam dragon moves out of view.
Enter note:
Enter note: A steam dragon is nearby!
Enter note:
Enter note: The steam dragon breathes steam at you.
The ball of steam hits you!!
Ouch! That really hurt!
Enter note:
Enter note:
4390 ||| Stepping ~*~*~tactically~*~*~ (cloud).
Enter note:
Enter note:
Enter note:
Enter note: The steam dragon barely misses you.
The steam dragon claws you but does no damage.
Enter note:
Enter note: You hit the steam dragon.
The steam dragon is moderately wounded.
The steam dragon bites you but does no damage.
The steam dragon misses you.
You hit the steam dragon but do no damage.
The steam dragon is moderately wounded.
The steam dragon breathes steam at you. The ball of steam hits you!
You hit the steam dragon but do no damage.
The steam dragon is moderately wounded.
You hear the slow hiss of a very distant avalanche of sand.
The steam dragon misses you. You block the steam dragon's attack.
The steam dragon barely misses you.
The steam dragon claws you but does no damage.
You slash the steam dragon!
The steam dragon is heavily wounded.
The steam dragon breathes steam at you. The ball of steam hits you!!
You die...

.........# .##..>...#
.# ####...# .# . ###.#
..##.. ##.# ..... #..##
#...# .####...##
###...#
..........####.D...#
.......##..#...@...#
#......###.....<...#
...#...# ##....¤.....#
...............¤.......
..PP....P...P..........
..777...777P..........
7... 7P.......... 7..
7P.......... P..


PP......... You could see a steam dragon (catching breath).

Vanquished Creatures
  An ice beast (D:5)
  A phantom (D:4)
  3 scorpions
  A jelly (D:4)
  3 hounds
  2 orc priests (D:3)
  2 iguanas
  Terence (D:2)
  2 orc wizards (D:5)
  8 adders
  2 ufetubi (D:5)
  A worm (D:3)
  3 dart slugs
  13 orcs
  8 ball pythons
  6 bats
  3 endoplasms
  13 giant cockroaches
  15 hobgoblins
  5 jackals
  7 kobolds
  6 quokkas
  3 frilled lizards
  8 goblins
  3 rats
120 creatures vanquished.

Notes
Turn   | Place    | Note
-------+----------+-------------------------------------------
     0 | D:1      | qw the Gargoyle Fighter began the quest for the Orb.
     0 | D:1      | Reached XP level 1. HP: 14/14 MP: 1/1
     0 | D:1      | 0 ||| qw: Version: 0.3-a-34-gb2f95b8
     0 | D:1      | 0 ||| qw: Game counter: 7699
     0 | D:1      | 0 ||| qw: Melee chars always use a shield: true
     0 | D:1      | 0 ||| qw: God list: Okawaru
     0 | D:1      | 0 ||| qw: Allow faded altars: false
     0 | D:1      | 0 ||| qw: Do Orc after clearing Dungeon:15 true
     0 | D:1      | 0 ||| qw: Do second Lair branch before Depths: true
     0 | D:1      | 0 ||| qw: Lair rune preference: random
     0 | D:1      | 0 ||| qw: Goals: Normal, Zot:1-4, Slime:5, God:TSO, Crypt,
                  | Tomb, Abyss, Pan, Hells, Win
     0 | D:1      | 0 ||| PLANNING D:1-11
    72 | D:1      | Reached skill level 2 in Axes
    74 | D:1      | 74 ||| Stepping ~*~*~tactically~*~*~ (stealth).
   123 | D:1      | 123 ||| Stepping ~*~*~tactically~*~*~ (stealth).
   124 | D:1      | 124 ||| Stepping ~*~*~tactically~*~*~ (stealth).
   129 | D:1      | Reached XP level 2. HP: 19/19 MP: 2/2
   201 | D:1      | 201 ||| Stepping ~*~*~tactically~*~*~ (stealth).
   202 | D:1      | 202 ||| Stepping ~*~*~tactically~*~*~ (stealth).
   246 | D:1      | Reached skill level 3 in Axes
   248 | D:1      | 248 ||| Stepping ~*~*~tactically~*~*~ (stealth).
   263 | D:1      | Reached XP level 3. HP: 23/23 MP: 3/3
   280 | D:1      | 280 ||| DROPPING +0 whip.
   717 | D:1      | 717 ||| UPGRADING to +5 ring of evasion.
   718 | D:1      | 718 ||| READING 2 scrolls labelled FOR SUDUNA.
   719 | D:1      | 719 ||| READING scroll labelled MIGI SOFRI.
   720 | D:1      | 720 ||| READING scroll labelled VIJAFR UP NID.
   725 | D:1      | 725 ||| READING scroll labelled KEOXAK SUTOS.
   924 | D:2      | Noticed Terence
   932 | D:2      | Killed Terence
   933 | D:2      | Reached XP level 4. HP: 28/28 MP: 4/4
   986 | D:2      | Reached skill level 4 in Axes
  1040 | D:2      | 1040 ||| Stepping ~*~*~tactically~*~*~ (hiding).
  1453 | D:2      | 1453 ||| Stepping ~*~*~tactically~*~*~ (stealth).
  1528 | D:2      | 1528 ||| Stepping ~*~*~tactically~*~*~ (stealth).
  1651 | D:2      | 1651 ||| UPGRADING to +0 chain mail.
  1661 | D:2      | 1661 ||| DROPPING +0 scale mail.
  1662 | D:2      | 1662 ||| DROPPING orb of light.
  1663 | D:2      | 1663 ||| DRINKING 2 inky potions.
  1664 | D:2      | 1664 ||| READING 2 scrolls of identify.
  1664 | D:2      | 1664 ||| IDENTIFYING golden potion
  1665 | D:2      | 1665 ||| DROPPING potion of brilliance.
  1690 | D:3      | Reached XP level 5. HP: 26/32 MP: 5/5
  1699 | D:3      | Reached skill level 5 in Axes
  1820 | D:3      | 1820 ||| Stepping ~*~*~tactically~*~*~ (stealth).
  1821 | D:3      | 1821 ||| Stepping ~*~*~tactically~*~*~ (stealth).
  1823 | D:3      | 1823 ||| Stepping ~*~*~tactically~*~*~ (stealth).
  2400 | D:3      | 2400 ||| DROPPING +0 chain mail of poison resistance.
  2401 | D:3      | 2401 ||| READING scroll labelled HOSKUO ICZADIGATUR.
  2402 | D:3      | 2402 ||| READING scroll labelled BAPUN TUTH.
  2403 | D:3      | 2403 ||| READING scroll labelled RAFOTHROWANG.
  2404 | D:3      | 2404 ||| READING 2 scrolls of identify.
  2404 | D:3      | 2404 ||| IDENTIFYING fizzy ruby potion
  2469 | D:4      | 2469 ||| Stepping ~*~*~tactically~*~*~ (stealth).
  2578 | D:4      | Found Sitoymei's Antique Armour Boutique.
  2579 | D:4      | 2579 ||| Stepping ~*~*~tactically~*~*~ (stealth).
  2580 | D:4      | 2580 ||| Stepping ~*~*~tactically~*~*~ (stealth).
  2581 | D:4      | 2581 ||| Stepping ~*~*~tactically~*~*~ (stealth).
  2582 | D:4      | 2582 ||| Stepping ~*~*~tactically~*~*~ (stealth).
  2594 | D:4      | 2594 ||| BUYING faintly humming helmet (199 gold).
  2594 | D:4      | Bought a faintly humming helmet for 199 gold pieces
  2594 | D:4      | Identified the +0 helmet of Amorality {Str+2} (You bought
                  | it in a shop on level 4 of the Dungeon)
  2594 | D:4      | 2594 ||| SHOPLISTING fire dragon scales (1260 gold, have
                  | 4).
  2594 | D:4      | 2594 ||| SHOPLISTING runed scale mail (147 gold, have 4).
  2594 | D:4      | 2594 ||| SHOPLISTING warped crystal plate armour (1785
                  | gold, have 4).
  2609 | D:4      | Reached XP level 6. HP: 28/38 MP: 6/6
  2741 | D:4      | 2741 ||| Stepping ~*~*~tactically~*~*~ (hiding).
  2742 | D:4      | 2742 ||| Stepping ~*~*~tactically~*~*~ (hiding).
  2930 | D:4      | Identified the ring of Mour {rF+++ rC- Str-3 Int+6 SInv}
  3218 | D:4      | Reached skill level 6 in Axes
  3228 | D:4      | Reached XP level 7. HP: 43/43 MP: 7/7
  3239 | D:4      | Reached skill level 1 in Dodging
  3417 | D:4      | 3417 ||| UPGRADING to ring of willpower.
  3418 | D:4      | 3418 ||| UPGRADING to ring of Mour {rF+++ rC- Str-3 Int+6
                  | SInv}.
  3420 | D:4      | 3420 ||| UPGRADING to +4 ring of protection.
  3422 | D:4      | 3422 ||| DROPPING ring of willpower.
  3423 | D:4      | 3423 ||| READING scroll labelled KOC ESONWIWO.
  3424 | D:4      | 3424 ||| READING 2 scrolls of identify.
  3424 | D:4      | 3424 ||| IDENTIFYING sedimented grey potion
  3447 | D:5      | Entered Level 5 of the Dungeon
  3532 | D:5      | 3532 ||| Stepping ~*~*~tactically~*~*~ (stealth).
  3533 | D:5      | 3533 ||| Stepping ~*~*~tactically~*~*~ (hiding).
  3546 | D:5      | Reached skill level 7 in Axes
  3830 | D:5      | Found a staircase to the Ecumenical Temple.
  3831 | D:5      | 3831 ||| PLANNING TEMPLE
  3831 | D:5      | 3831 ||| READING 2 scrolls labelled VECZIO LUAFF.
  3832 | D:5      | 3832 ||| DROPPING scroll of immolation.
  3838 | Temple   | Entered the Ecumenical Temple
  3844 | Temple   | 3844 ||| PLANNING OKAWARU WORSHIP
  3990 | Temple   | Became a worshipper of Warmaster Okawaru
  3991 | Temple   | 3991 ||| PLANNING D:1-11
  4133 | D:5      | 4133 ||| DRINKING potion of curing.
  4133 | D:5      | 4133 ||| (to cure confusion)
  4134 | D:5      | 4134 ||| Stepping ~*~*~tactically~*~*~ (hiding).
  4241 | D:5      | 4241 ||| READING 2 scrolls of identify.
  4241 | D:5      | 4241 ||| IDENTIFYING fizzy golden potion
  4242 | D:5      | 4242 ||| DROPPING potion of invisibility.
  4250 | D:6      | 4250 ||| PLANNING OSSUARY
  4364 | D:6      | Reached XP level 8. HP: 45/49 MP: 8/8
  4390 | D:6      | 4390 ||| Stepping ~*~*~tactically~*~*~ (cloud).
  4396 | D:6      | Killed from afar by a steam dragon

Levels and vault maps discovered:
D:1:      dpeg_arrival_radiant, layout_loops_ring, serial_glass,
          glass_columns_a, glass_columns_c
D:2:      minmay_roachtagon, layout_loops_ring, minmay_misc_feat_enclosed,
          chequers_serial_rivers_large_a, uniq_terence
D:3:      layout_basic
D:4:      layout_basic, serial_shops, nicolae_shop_trees, st_stairs_1
D:5:      layout_loops_cross, temple_fountains, minivault_27
D:6:      black_bear_nest_2, layout_layer_cave, enter_ossuary_4,
          kennysheep_boxes
Temple:   regret_index_temple_chain_breaker

Skill      XL: |  1  2  3  4  5  6  7 |
---------------+----------------------+-----
Axes           | 2 3 4 5 6 7 |  7.4
Fighting       | 4 5 |  5.1
Dodging        | 1 |  1.0
Armour         | |  3.2
Shields        | |  3.2

Action                     |  1- 3 |  4- 6 |  7- 9 || total
---------------------------+-------+-------+-------++-------
  Melee: War axe           |    77 |   208 |    91 ||   376
    Use: Scroll            |     4 |     5 |     4 ||    13
         Potion            |       |     1 |     1 ||     2
 Armour: Scale mail        |    29 |    25 |       ||    54
         Chain mail        |       |    45 |    44 ||    89
  Dodge: Dodged            |    35 |   127 |    72 ||   234
  Block: Buckler           |    21 |    40 |    17 ||    78

Table legend:
 A = Non-vault XP
 B = Vault XP
 C = Vault XP percentage of total XP
 D = Non-vault monster count
 E = Vault monster count
 F = Vault count percentage of total count
                 A         B        C        D         E       F
            +---------+---------+-------+---------+---------+-------
      Total |    1175 |      62 |   5.0 |     107 |      13 |  10.8
            +---------+---------+-------+---------+---------+-------
        D:1 |      45 |       0 |   0.0 |      22 |       0 |   0.0
        D:2 |      44 |      56 |  56.0 |      21 |      11 |  34.4
        D:3 |     142 |       0 |   0.0 |      18 |       0 |   0.0
        D:4 |     375 |       6 |   1.6 |      21 |       2 |   8.7
        D:5 |     470 |       0 |   0.0 |      22 |       0 |   0.0
        D:6 |      99 |       0 |   0.0 |       3 |       0 |   0.0
            +---------+---------+-------+---------+---------+-------
